 Dungeon Crawl Stone Soup version 0.27-a0-1416-g941b2bd30b (webtiles) character file.

Game seed: 8957137147467850585

240 tsouns the Ruffian (level 6, -1/56 HPs)
             Began as a Ghoul Berserker on July 2, 2021.
             Was a Believer of Trog.
             Slain by Sigmund (4 damage)
             ... on level 3 of the Dungeon.
             The game lasted 00:03:04 (1932 turns).

tsouns the Ruffian (Ghoul Berserker)                Turns: 1932, Time: 00:03:04

Health: -1/56      AC:  3    Str: 21    XL:     6   Next: 8%
Magic:  5/5        EV: 11    Int:  4    God:    Trog [**....]
Gold:   67         SH:  0    Dex:  8    Spells: 5/5 levels left

rFire    . . .     SeeInvis .     - Unarmed
rCold    + . .     Faith    .   (no shield)
rNeg     + + +     Spirit   .   a - +0 animal skin
rPois    ∞         Reflect  .   (no helmet)
rElec    .         Harm     .   (no cloak)
rCorr    .         Rampage  .   (no gloves)
Will     ++...                  h - +0 pair of boots
Stlth    +.........             (no amulet)
HPRegen  1.00/turn              (no ring)
MPRegen  0.09/turn              (no ring)

@: strong-willed, regenerating
A: claws 1, cold resistance 1, negative energy resistance 3, inhibited
regeneration, torment resistance 2
a: Renounce Religion, Trog's Hand


You were on level 3 of the Dungeon.
You worshipped Trog.
Trog was pleased with you.
You visited 1 branch of the dungeon, and saw 3 of its levels.

You collected 67 gold pieces.

Inventory:

Armour
 a - a +0 animal skin (worn)
 h - a +0 pair of boots (worn)
Scrolls
 c - a scroll of teleportation {unknown}
 d - a scroll of blinking {unknown}
 e - a scroll of silence {unknown}
 i - 2 scrolls of identify {unknown}
 j - a scroll of magic mapping {unknown}
Potions
 b - a potion of heal wounds {unknown}
 f - a potion of resistance {unknown}
 g - a potion of curing


   Skills:
 + Level 5.6 Fighting
 - Level 1.7 Armour
 - Level 1.7 Dodging
 + Level 5.6 Unarmed Combat


You had 5 spell levels left.
You didn't know any spells.
Your spell library contained the following spells:

 Spells                   Type           Power      Damage    Failure   Level
 Call Canine Familiar     Summ           0%         N/A       86%         3
 Portal Projectile        Hex/Tloc       0%         N/A       86%         3
 Leda's Liquefaction      Hex/Erth       0%         N/A       99%         4


Dungeon Overview and Level Annotations

Branches:
Dungeon (3/15)

Altars:

Annotations:
D:3 Sigmund


Innate Abilities, Weirdness & Mutations

You thrive by killing the living.
You are immune to poison.
You have sharp fingernails.
Your flesh is cold resistant. (rC+)
You are immune to negative energy. (rN+++)
You do not regenerate when monsters are visible.
You are immune to unholy pain and torment.


Message History

Found a stone staircase leading down.
Sigmund closely misses you.
You barely miss Sigmund. Sigmund hits you with a +0 scythe!
You scratch Sigmund but do no damage. Sigmund closely misses you.
You scratch Sigmund.
Sigmund is lightly wounded.
Sigmund barely misses you.
You scratch Sigmund.
Sigmund is lightly wounded.
Sigmund gestures at you while chanting. You resist with some effort.
You scratch Sigmund.
Sigmund is moderately wounded.
Sigmund casts a spell.
Sigmund flickers and vanishes!
Deactivating autopickup; reactivate with Ctrl-A.
You scratch something.
You hear some strange, mumbled words.
You are confused.
You barely miss something. Something hits you!
You claw something!
Okay, then.
It was a potion of curing.
You feel better.
Your skin crawls.
You feel strong-willed. Something hits you.
You miss something. Something hits you but does no damage.
You claw something! Something hits you!
You barely miss something. Something hits you.
You scratch something but do no damage. Something hits you.
You closely miss something. Something hits you!
* * * LOW HITPOINT WARNING * * *
You closely miss something. Something hits you.
* * * LOW HITPOINT WARNING * * *
You feel better. Something hits you!
* * * LOW HITPOINT WARNING * * *
You miss something. Something hits you!
* * * LOW HITPOINT WARNING * * *
You miss something. Something hits you.
You die...

###### #....# #######
#....# #.....#
######....#####.....#
#.....{@............+
#>..................#
#....#####..........##
#... ######......# #..
###....# #. #....# #
#....# #....# #....##


There were no monsters in sight!

Vanquished Creatures
  A scorpion (D:3)
  A hound (D:3)
  Natasha (D:2)
  5 adders (D:2)
  4 worms (D:2)
  3 dart slugs
  An orc (D:2)
  2 ball pythons
  5 endoplasms
  3 giant cockroaches (D:1)
  8 goblins
  4 hobgoblins
  2 jackals (D:2)
  5 kobolds
  4 quokkas
  4 bats
  6 frilled lizards
  6 rats
65 creatures vanquished.

Notes
Turn   | Place    | Note
-------+----------+-------------------------------------------
     0 | D:1      | tsouns the Ghoul Berserker began the quest for the Orb.
     0 | D:1      | Reached XP level 1. HP: 19/19 MP: 0/0
     5 | D:1      | Noticed an electric eel
   110 | D:1      | Reached XP level 2. HP: 26/26 MP: 1/1
   410 | D:1      | Reached XP level 3. HP: 33/33 MP: 2/2
   696 | D:2      | Noticed Natasha
   703 | D:2      | Killed Natasha
   704 | D:2      | Reached XP level 4. HP: 39/41 MP: 3/3
   729 | D:2      | Reached ** piety under Trog
  1070 | D:2      | Found a faded altar of an unknown god.
  1253 | D:2      | Reached XP level 5. HP: 36/47 MP: 4/4
  1259 | D:2      | Reached skill level 5 in Unarmed Combat
  1366 | D:2      | Reached skill level 5 in Fighting
  1876 | D:3      | Reached XP level 6. HP: 56/56 MP: 5/5
  1910 | D:3      | Noticed Sigmund
  1931 | D:3      | HP: 2/56 [something (12)]
  1932 | D:3      | Slain by Sigmund

Illustrated notes

Levels and vault maps discovered:
D:1:      arrival_aquarium_a, layout_rooms, dk_noncrumbling_3
D:2:      layout_basic, chequers_ecumenical_altar_simple_redux,
          kennysheep_cross_bottleneck, minmay_small_reverse_x, uniq_natasha
D:3:      kennysheep_six_static_rooms, layout_basic,
          gammafunk_temple_overflow_elements, uniq_sigmund

Skill      XL: |  1  2  3  4  5 |
---------------+----------------+-----
Unarmed Combat | 4 5 |  5.6
Fighting       | 4 5 |  5.6
Armour         | |  1.7
Dodging        | |  1.7

Action                   |  1- 3 |  4- 6 || total
-------------------------+-------+-------++-------
Melee: Unarmed           |    78 |   122 ||   200
       Punch             |       |     3 ||     3
Invok: Trog's Hand       |       |     2 ||     2
  Use: Potion            |       |     2 ||     2
Armor: Animal skin       |     9 |    25 ||    34
Dodge: Dodged            |    40 |    51 ||    91

Table legend: (Time is in decaauts)
 A = Elapsed time spent in this place.
 B = Non-inter-level travel time spent in this place.
 C = Inter-level travel time spent in this place.
 D = Time resting spent in this place.
 E = Time spent auto-exploring this place.
 F = Levels seen in this place.
 G = Mean time per level.
                   A        B        C        D        E       F      G
               +--------+--------+--------+--------+--------+-----+--------+
         Total |   1914 |   1892 |     22 |      0 |   1512 |   3 |  638.0 |
       Dungeon |   1914 |   1892 |     22 |      0 |   1512 |   3 |  638.0 |
               +--------+--------+--------+--------+--------+-----+--------+

Top non-repeatable levels by time:
     D:2: 1045 daAuts
     D:1: 690 daAuts
     D:3: 178 daAuts
